 Dungeon Crawl Stone Soup version 0.29.1-2-gbd0b4ee654 (webtiles) character file.

Game seed: 9084953217215536328

77 xian the Shooter (level 4, -1/26 HPs)
             Began as a Tengu Hunter on Nov 22, 2022.
             Slain by a gnoll
             ... wielding a +0 halberd
              (13 damage)
             ... on level 2 of the Dungeon.
             The game lasted 00:05:06 (1293 turns).

xian the Shooter (Tengu Hunter)                     Turns: 1293, Time: 00:05:06

Health: -1/26      AC:  3    Str: 13    XL:     4   Next: 33%
Magic:  5/5        EV: 12    Int: 10    God:
Gold:   40         SH:  0    Dex: 17    Spells: 3/3 levels left

rFire   . . .      SeeInvis .   a - +0 shortbow
rCold   . . .      Faith    .   (shield currently unavailable)
rNeg    . . .      Spirit   .   c - +0 leather armour
rPois   .          Reflect  .   (helmet restricted)
rElec   .          Harm     .   (no cloak)
rCorr   .          Rampage  .   (no gloves)
Will    .....                   (boots unavailable)
Stlth   ++........              (no amulet)
HPRegen 0.08/turn               (no ring)
MPRegen 0.09/turn               (no ring)

@: no status effects
A: beak, talons 3
a: no special abilities


You were on level 2 of the Dungeon.
You visited 1 branch of the dungeon, and saw 2 of its levels.

You collected 40 gold pieces.

Inventory:

Hand Weapons
 a - a +0 shortbow (weapon)
Missiles
 i - 13 poisoned darts
Armour
 c - a +0 leather armour (worn)
Scrolls
 b - 2 scrolls of immolation
 d - a scroll of torment {unknown}
 e - a scroll of acquirement {unknown}
 f - 3 scrolls of fear {unknown}
 h - a scroll of teleportation {unknown}
 j - a scroll of amnesia {unknown}
Potions
 g - a potion of curing {unknown}
 k - a potion of haste {unknown}


   Skills:
 + Level 2.1 Fighting
 + Level 5.7 Ranged Weapons
 + Level 1.8 Armour
 + Level 2.3 Dodging
 + Level 1.0 Stealth


You had 3 spell levels left.
You didn't know any spells.
Your spell library was empty.

Dungeon Overview and Level Annotations

Branches:
Dungeon (2/15)

Altars:


Innate Abilities, Weirdness & Mutations

You have a beak for a mouth.
You have claws for feet.


Message History

A gnoll comes into view. It is wielding a +0 halberd.
You shoot an arrow. The arrow hits the gnoll.
The gnoll is almost dead.
You shoot an arrow. The arrow closely misses the gnoll.
The arrow hits the gnoll.
You kill the gnoll!
You have reached level 4!
You feel clever.
You shoot an arrow. The arrow hits the gnoll!
The gnoll is heavily wounded.
You shoot an arrow. The arrow hits the gnoll.
The gnoll is severely wounded.
The gnoll misses you.
You shoot an arrow. The arrow hits the gnoll.
The gnoll is almost dead.
The gnoll hits you from afar with a +0 spear.
You shoot an arrow. The arrow hits the gnoll!
You kill the gnoll!
The gnoll hits you from afar with a +0 halberd!
You shoot an arrow. The arrow hits the gnoll.
The gnoll is moderately wounded.
The gnoll hits you from afar with a +0 halberd.
You are too injured to fight recklessly!
You are too injured to fight recklessly!
You are too injured to fight recklessly!
You are too injured to fight recklessly!
You are too injured to fight recklessly!
You are too injured to fight recklessly!
You are too injured to fight recklessly!
You are too injured to fight recklessly!
You are too injured to fight recklessly!
Unknown command.
Fire: a) +0 shortbow
Press: ? - help, Q - select action, (/) - cycle Shift-Dir - straight line, f/p - gnoll
Aim: a gnoll, wielding a +0 halberd (moderately wounded, 66% to hit)
You shoot an arrow. The arrow hits the gnoll.
The gnoll is heavily wounded.
The gnoll hits you from afar with a +0 halberd!
Ouch! That really hurt!
You die...

##.#.########.#
#.#.########.#
#.#..........#
#.############
#.# #.# #.#
#.###############
#........@.g.)...
#################


You could see a gnoll.

Vanquished Creatures
  An adder (D:2)
  4 gnolls (D:2)
  4 ball pythons
  5 endoplasms
  3 giant cockroaches (D:1)
  A hobgoblin (D:1)
  3 quokkas
  4 bats (D:1)
  A kobold (D:1)
  4 rats
30 creatures vanquished.

Notes
Turn   | Place    | Note
-------+----------+-------------------------------------------
     0 | D:1      | xian the Tengu Hunter began the quest for the Orb.
     0 | D:1      | Reached XP level 1. HP: 12/12 MP: 2/2
    60 | D:1      | Reached XP level 2. HP: 16/17 MP: 3/3
   112 | D:1      | Reached skill level 5 in Ranged Weapons
   749 | D:2      | Reached XP level 3. HP: 12/21 MP: 4/4
  1285 | D:2      | Reached skill level 1 in Armour
  1288 | D:2      | Reached XP level 4. HP: 26/26 MP: 5/5
  1293 | D:2      | Slain by a gnoll

Illustrated notes

Levels and vault maps discovered:
D:1:      spicycebolla_arrival_ecumenical, layout_basic, minmay_domino_2
D:2:      layout_basic, wad_orctagon

Skill      XL: |  1  2  3 |
---------------+----------+-----
Ranged Weapons | 5 |  5.7
Armour         | 1 |  1.8
Fighting       | |  2.1
Dodging        | |  2.3
Stealth        | |  1.0

Action                   |  1- 3 |  4- 6 || total
-------------------------+-------+-------++-------
 Fire: Shortbow          |    62 |     6 ||    68
Armor: Leather armour    |     4 |       ||     4
Dodge: Dodged            |    19 |     1 ||    20
